 Dungeon Crawl Stone Soup version 0.32-a0-643-ga006e7742e (webtiles) character file.

Game seed: 3908185290031258656

41493 BubbleThief the Bludgeoner (level 13, 0/122 HPs)
             Began as a Mountain Dwarf Cinder Acolyte on Mar 7, 2024.
             Was a Priest of Ignis.
             Slain by an elephant (12 damage)
             ... on level 5 of the Lair of Beasts.
             The game lasted 00:38:48 (19427 turns).

BubbleThief the Bludgeoner (MDCA)                  Turns: 19427, Time: 00:38:48

Health: 0/122      AC: 34    Str: 27    XL:     13   Next: 80%
Magic:  14/14      EV:  8    Int: 16    God:    Ignis [***...]
Gold:   1338       SH: 16    Dex: 13    Spells: 11/14 levels left

rFire   + . .        D - +3 mace (freeze)
rCold   + . .        d - +0 kite shield
rNeg    + . .        S - +6 chain mail "Xidghiak" {+Inv rC+ Stlth+}
rPois   +            K - +2 helmet {SInv}
rElec   +            n - +1 cloak
rCorr   .            f - +0 pair of gloves
SInv    +            E - +0 pair of boots
Will    +....        w - amulet of reflection
Stlth   +            a - ring of poison resistance
HPRegen 0.40/turn    L - ring of Exaduir {^Drain rElec rN+ Str+6 Dex+6}
MPRegen 0.14/turn

%: reflection
@: fiery-armoured
A: runic magic, artefact enchanting, thin skeletal structure 1
a: Renounce Religion, Evoke Invisibility, Fiery Armour, Foxfire Swarm, Rising
Flame


You were on level 5 of the Lair of Beasts.
You worshipped Ignis.
Ignis was most pleased with you.
You visited 2 branches of the dungeon, and saw 16 of its levels.
You also visited: Bailey and Gauntlet.

You collected 2312 gold pieces.
You spent 974 gold pieces at shops.

Inventory:

Hand Weapons
 s - a +0 morningstar
 y - a +1 flail of holy wrath
 D - a +3 mace of freezing (weapon)
Missiles
 l - 9 curare-tipped darts (quivered)
Armour
 d - a +0 kite shield (worn)
 f - a +0 pair of gloves (worn)
 n - a +1 cloak (worn)
 r - the scarf of Jonurul {shadows, ^Drain rF++ Will++}
   (You found it on level 1 of the Lair of Beasts)

   rF++:      It greatly protects you from fire.
   Will++:    It greatly increases your willpower.
   ^Drain:    It drains your maximum health when unequipped.
 E - a +0 pair of boots (worn)
 K - a +2 helmet of see invisible (worn)
 S - the +6 chain mail "Xidghiak" (worn) {+Inv rC+ Stlth+}
   (You took it off a minotaur in a Gauntlet)

   rC+:       It protects you from cold.
   +Inv:      It lets you turn invisible.
   Stlth+:    It makes you more stealthy.
Jewellery
 a - a ring of poison resistance (left hand)
 p - an amulet of guardian spirit
 q - a ring of wizardry
 t - the ring "Mesch" {rF+ rCorr Str+2 Dex-2}
   (You found it in a Gauntlet)

   [ring of protection from fire]

   Str+2:     It affects your strength (+2).
   Dex-2:     It affects your dexterity (-2).
   rF+:       It protects you from fire.
   rCorr:     It protects you from acid and corrosion.
 w - an amulet of reflection (around neck)
 L - the ring of Exaduir (right hand) {^Drain rElec rN+ Str+6 Dex+6}
   (You bought it in a shop on level 2 of the Dungeon)

   [ring of dexterity]

   Str+6:     It affects your strength (+6).
   Dex+6:     It affects your dexterity (+6).
   rElec:     It insulates you from electricity.
   rN+:       It protects you from negative energy.
   ^Drain:    It drains your maximum health when unequipped.
 O - the amulet "Namiex" {Spirit Rampage Int+5}
   (You found it on level 11 of the Dungeon)

   [amulet of guardian spirit]

   Spirit:    It causes incoming damage to be divided between your reserves of
   health and magic.
   Int+5:     It affects your intelligence (+5).
   Rampage:   It bestows one free step when moving towards enemies.
 Q - a +4 ring of protection
 R - a +6 ring of strength
Wands
 C - a wand of charming (15)
 G - a wand of mindburst (6)
 I - a wand of flame (15)
 M - a wand of iceblast (3)
 P - a wand of polymorph (12)
Scrolls
 b - 2 scrolls of identify
 c - 2 scrolls of amnesia
 g - a scroll of poison
 h - 4 scrolls of revelation
 i - 2 scrolls of fear
 m - 8 scrolls of fog
 v - 2 scrolls of enchant armour
 z - 3 scrolls of teleportation
 H - a scroll of silence
 J - 5 scrolls of enchant weapon
 T - 2 scrolls of vulnerability
Potions
 e - a potion of heal wounds
 j - 2 potions of might
 k - 3 potions of brilliance
 o - 3 potions of magic
 u - 7 potions of curing
 x - 2 potions of resistance
 A - a potion of mutation
 B - a potion of lignification
 F - 3 potions of haste
Miscellaneous
 N - a phantom mirror (inert)


   Skills:
 + Level 13.0 Fighting
 - Level 18.0 Maces & Flails
 + Level 12.3 Armour
 + Level 11.3 Shields
 - Level 1.0 Spellcasting
 - Level 3.6 Fire Magic


You had 11 spell levels left.
You knew the following spells:

 Your Spells              Type           Power      Damage    Failure   Level
a - Necrotise             Necr           0%         1d4       43%         1
b - Scorch                Fire           24%        2d6       17%         2

Your spell library contained the following spells:

 Spells                   Type           Power      Damage    Failure   Level
 Apportation              Tloc           0%         N/A       43%         1
 Sting                    Conj/Alch      0%         1d3       43%         1
 Summon Small Mammal      Summ           0%         N/A       43%         1
 Ensorcelled Hibernation  Hex/Ice        0%         N/A       58%         2
 Fugue of the Fallen      Necr           0%         N/A       82%         3
 Anguish                  Hex/Necr       0%         N/A       99%         4
 Haunt                    Necr/Summ      0%         N/A       100%        7
 Borgnjor's Revivificati  Necr           0%         N/A       100%        8
 Death's Door             Necr           0%         N/A       100%        9


Dungeon Overview and Level Annotations

Branches:
Dungeon (11/15)            Temple (0/1) D:6            Lair (5/5) D:11
 Shoals (0/4) Lair:3       Spider (0/4) Lair:3          Orc (0/2) D:10
 Bailey (visited)         Gauntlet (visited)
  Slime: Lair:4-5

Altars:
Elyvilon
Fedhas
Kikubaaqudgha
Makhleb
Okawaru
Ru
Sif Muna
Jiyva

Shops:
D:2 =   D:5 =

Annotations:
Lair:4 exclusion: 2 oklob plants


Innate Abilities, Weirdness & Mutations

Your spellcasting is much less encumbered by armour.
You can use scrolls of enchantment on lesser artefacts.
You have a somewhat thin skeletal structure. (Dex +2, Stealth+)


Message History

The death yak looks as sick as possible!
The death yak gores you!
* * * LOW HITPOINT WARNING * * *
The death yak is burned by your cloak of flames.
The death yak is severely wounded.
The elephant is engulfed in poison gas.
The elephant looks as sick as possible!
You kill the elephant!
Your Fighting skill increases to level 13!
You hit the death yak. You freeze the death yak.
The death yak is almost dead.
The elephant closely misses you.
The elephant trunk-slaps you but does no damage.
The elephant is burned by your cloak of flames.
The elephant is moderately wounded.
Unknown command.
Unknown command.
You hit the death yak. You freeze the death yak.
The death yak is almost dead.
You block the elephant's attack. The elephant trunk-slaps you.
* * * LOW HITPOINT WARNING * * *
The death yak is engulfed in poison gas.
The death yak looks as sick as possible!
The death yak gores you but does no damage.
The elephant tramples you but does no damage.
The elephant is burned by your cloak of flames.
The elephant is moderately wounded.
You block the elephant's attack.
Unknown command.
You barely miss the death yak.
The death yak is almost dead.
You kill the death yak!
You block the elephant's attack. x2
Unknown command.
Unknown command.
You sock the elephant! You freeze the elephant.
The elephant is heavily wounded.
You hear the steady crackling of a melting archway nearby.
The elephant tramples you!
You die...
Ignis goes out, and joins you in death.

*,,,,,,,,,,,..............,,,,,,,
**,,,,,,,,,,,,..P.......##,***,*,
*,,,,,,,,***,*,.........?##* ****
*,,,,,,,,****,**#.........#
,*,,,,,,,,* *** #........#*
**,,,,,,,** ##○.......#
*,,,,,,,** #P°...°.°.#
**,,,,,,,,** ##....○°..########
*,,,,,,,,,,* #@Y....°...#######
,*,,,,,,,*** #Y°...°...########
,,,,,,,,,* *** ##†°......########
**,,,,,,,***,**#...°..°.######.##
**,,,,,,,,,,*,~#..°~°~...P#.#†#†P
*,,,,,,,,......Y†°~~~~~..........
*,,,,,,,,......~Y≈≈≈°°°..........
*,,,,,,,,.....~~≈°~°○≈○°...<.....
**,,,,,,,.....~~≈~~..~≈≈.........


You could see 2 elephants.

Vanquished Creatures
  A minotaur (Gauntlet)
  Josephine (D:10)
  3 hydras
  A two-headed ogre (D:11)
  A boulder beetle (Lair:4)
  4 death yaks (Lair:5)
  Nergalle (D:11)
  2 thrashing horrors (Gauntlet)
  A wretched star (Gauntlet)
  A deep troll (Lair:3)
  Pikel (D:7)
  6 black mambas
  2 guardian serpents (D:11)
  14 elephants
  4 cane toads
  Jeremiah (D:7)
  5 komodo dragons
  A rime drake (Lair:3)
  3 trolls
  3 hornets
  5 polar bears
  7 blink frogs
  A slime creature (D:7)
  7 wraiths
  A wyvern (D:10)
  3 basilisks
  51 yaks
  2 steam dragons
  2 neqoxecs (Gauntlet)
  2 acid dragons (D:10)
  11 water moccasins
  11 orc warriors
  5 sky beasts
  An ice beast (D:5)
  A black bear (Lair:4)
  An ogre (D:5)
  3 centaurs
  3 lemures (D:7)
  A phantom (D:6)
  8 kobold brigands
  11 bullfrogs
  2 gnoll sergeants
  3 small abominations (Gauntlet)
  3 scorpions
  15 wights
  6 killer bees (D:7)
  2 howler monkeys
  2 electric eels
  2 centaur zombies (D:8)
  A human zombie (D:8)
  7 orc priests
  2 gnoll boudas
  3 hounds
  5 iguanas
  2 scorpion zombies (D:8)
  5 sleepcaps
  Natasha (twice) (D:3)
  4 orc wizards
  6 hell rats (Lair:3)
  2 killer bee zombies (D:8)
  An ogre zombie (D:8)
  3 hound zombies (D:8)
  A howler monkey zombie (D:8)
  17 gnolls
  4 adders
  2 white imps
  3 adder zombies (D:8)
  2 ribbon worms (D:2)
  39 orcs
  13 bats
  6 endoplasms
  4 giant cockroaches
  9 goblins
  5 hobgoblins
  4 jackals (D:1)
  A quokka (D:4)
  7 ball pythons
  2 frilled lizards
  30 kobolds
  4 rats
424 creatures vanquished.

Vanquished Creatures (collateral kills)
  A komodo dragon (Lair:5)
1 creature vanquished.

Vanquished Creatures (others)
  A black mamba (Lair:5)
  A cane toad (Lair:5)
  A kobold brigand (Bailey)
3 creatures vanquished.

Grand Total: 428 creatures vanquished

Notes
Turn   | Place    | Note
-------+----------+-------------------------------------------
     0 | D:1      | BubbleThief the Mountain Dwarf Cinder Acolyte began the
                  | quest for the Orb.
     0 | D:1      | Reached XP level 1. HP: 19/19 MP: 2/2
    44 | D:1      | Reached skill level 4 in Maces & Flails
   148 | D:1      | Reached XP level 2. HP: 20/26 MP: 3/3
   253 | D:1      | Learned a level 1 spell: Necrotise
   907 | D:1      | Found a shimmering blue altar of Sif Muna.
   940 | D:2      | Reached XP level 3. HP: 33/33 MP: 4/4
   950 | D:2      | Learned a level 2 spell: Scorch
  1415 | D:2      | Reached skill level 5 in Maces & Flails
  1563 | D:2      | Found Fiar's Jewellery Emporium.
  1591 | D:2      | Found a faded altar of an unknown god.
  1747 | D:3      | Noticed Natasha
  1756 | D:3      | Killed Natasha
  1757 | D:3      | Reached XP level 4. HP: 32/40 MP: 5/5
  1806 | D:3      | Reached skill level 1 in Armour
  1829 | D:3      | Reached XP level 5. HP: 29/47 MP: 4/6
  1998 | D:3      | Found a white marble altar of Elyvilon.
  2092 | D:3      | Noticed Natasha
  2108 | D:3      | Killed Natasha
  2255 | D:3      | Reached skill level 6 in Maces & Flails
  3198 | D:4      | Found a blossoming altar of Fedhas.
  3365 | D:4      | Found a sacrificial altar of Ru.
  3611 | D:5      | Entered Level 5 of the Dungeon
  3616 | D:5      | Reached XP level 6. HP: 55/55 MP: 2/7
  3908 | D:5      | Reached skill level 5 in Fighting
  3908 | D:5      | Reached skill level 7 in Maces & Flails
  4252 | D:5      | HP: 1/56 [gnoll sergeant/+0 trident (9)]
  4548 | D:5      | Reached XP level 7. HP: 58/61 MP: 4/8
  4674 | D:5      | Found Veyzisui's Jewellery Boutique.
  4765 | D:5      | Reached skill level 8 in Maces & Flails
  5274 | D:6      | Reached XP level 8. HP: 58/70 MP: 6/9
  5379 | D:6      | Found an ancient bone altar of Kikubaaqudgha.
  5381 | D:6      | Reached skill level 9 in Maces & Flails
  5737 | D:6      | Reached skill level 1 in Shields
  5737 | D:6      | Found a staircase to the Ecumenical Temple.
  5770 | D:6      | Reached skill level 5 in Armour
  6058 | D:6      | Identified the +3 leather armour of the Akabeko {+Blink
                  | rPois rN+ rCorr}
  6208 | D:6      | Reached skill level 10 in Maces & Flails
  6563 | D:7      | Found a flagged portal.
  6585 | Bailey   | Entered a bailey
  6635 | Bailey   | Reached XP level 9. HP: 21/79 MP: 4/10
  7077 | Bailey   | Found an iron altar of Okawaru.
  7261 | D:7      | Reached skill level 11 in Maces & Flails
  7521 | D:7      | Noticed Jeremiah
  7916 | D:7      | Killed Jeremiah
  7917 | D:7      | Reached skill level 12 in Maces & Flails
  8075 | D:7      | Reached XP level 10. HP: 86/88 MP: 11/11
  8090 | D:7      | Reached skill level 5 in Shields
  8209 | D:7      | Noticed Pikel
  8258 | D:7      | Killed Pikel
  9324 | D:8      | Reached skill level 13 in Maces & Flails
  9338 | D:8      | Found an ancient bone altar of Kikubaaqudgha.
  9947 | D:9      | Paralysed by a hornet for 3 turns
 10146 | D:9      | Found a burning altar of Makhleb.
 10385 | D:9      | Found an iron altar of Okawaru.
 10417 | D:9      | Found a shimmering blue altar of Sif Muna.
 10457 | D:9      | You fall into a shaft and drop 1 floor!
 10457 | D:10     | Entered Level 10 of the Dungeon
 10482 | D:10     | Noticed Josephine
 10790 | D:2      | Bought a ring of poison resistance for 240 gold pieces
 10790 | D:2      | Bought the ring of Exaduir {^Drain rElec rN+ Str+6 Dex+6}
                  | for 734 gold pieces
 11308 | D:10     | Reached XP level 11. HP: 97/97 MP: 7/12
 11410 | D:10     | Reached skill level 14 in Maces & Flails
 11496 | D:10     | Identified the ring of Wefaela Tiog {*Slow Str+2 Int+3
                  | Dex+6 SInv}
 11650 | D:10     | Killed Josephine
 11797 | D:10     | Reached skill level 10 in Fighting
 12266 | D:10     | Found a staircase to the Orcish Mines.
 12486 | D:11     | Noticed a two-headed ogre
 12495 | D:11     | Killed a two-headed ogre
 12496 | D:11     | Reached skill level 15 in Maces & Flails
 12507 | D:11     | Noticed a seven-headed hydra
 12571 | D:11     | Killed a seven-headed hydra
 12647 | D:11     | Reached XP level 12. HP: 38/108 MP: 13/13
 12996 | D:11     | Identified the amulet "Namiex" {Spirit Rampage Int+5}
 13142 | D:11     | Noticed Nergalle
 13199 | D:11     | Killed Nergalle
 13402 | D:11     | Found a staircase to the Lair.
 13615 | D:11     | Reached skill level 10 in Armour
 13839 | Lair:1   | Entered Level 1 of the Lair of Beasts
 13875 | Lair:1   | Reached skill level 16 in Maces & Flails
 13940 | Lair:1   | Identified the scarf of Jonurul {shadows, ^Drain rF++
                  | Will++}
 15115 | Lair:2   | Noticed a six-headed hydra
 15126 | Lair:2   | Killed a six-headed hydra
 15167 | Lair:2   | Found a gate leading to a gauntlet.
 15171 | Gauntlet | Entered a Gauntlet
 15171 | Gauntlet | Found a transporter.
 15347 | Gauntlet | Found a runed translucent door.
 15348 | Gauntlet | Found a transporter.
 15348 | Gauntlet | Noticed a ghost crab
 15349 | Gauntlet | Found a transporter.
 15350 | Gauntlet | Found a transporter.
 15353 | Gauntlet | Found a transporter.
 15354 | Gauntlet | Found a transporter.
 15356 | Gauntlet | Noticed an entropy weaver
 15363 | Gauntlet | Found a transporter.
 15365 | Gauntlet | Found a transporter.
 15367 | Gauntlet | Noticed a hell hog
 15383 | Gauntlet | Found a transporter.
 15391 | Gauntlet | Found a transporter.
 15391 | Gauntlet | Found a transporter.
 15402 | Gauntlet | Found a transporter.
 15493 | Gauntlet | Found a runed translucent door.
 15639 | Gauntlet | Reached skill level 17 in Maces & Flails
 15770 | Gauntlet | Identified the ring "Mesch" {rF+ rCorr Str+2 Dex-2}
 15814 | Gauntlet | Gained mutation: You occasionally shout uncontrollably at
                  | your foes. [a neqoxec]
 15815 | Gauntlet | Gained mutation: You occasionally lose the ability to drink
                  | potions when taking damage. [a neqoxec]
 15851 | Gauntlet | Lost mutation: You occasionally shout uncontrollably at
                  | your foes. [potion of mutation]
 15851 | Gauntlet | Lost mutation: You occasionally lose the ability to drink
                  | potions when taking damage. [potion of mutation]
 15851 | Gauntlet | Gained mutation: You have a somewhat thin skeletal
                  | structure. (Dex +2, Stealth+) [potion of mutation]
 16087 | Gauntlet | Identified the +6 chain mail "Xidghiak" {+Inv rC+ Stlth+}
 16087 | Gauntlet | Noticed a minotaur
 16106 | Gauntlet | Killed a minotaur
 16114 | Gauntlet | Identified the +6 spear "Newtbane" {freeze, rPois rCorr
                  | Str+3}
 16274 | Lair:2   | Reached XP level 13. HP: 100/117 MP: 14/14
 16445 | Lair:2   | Reached skill level 10 in Shields
 17226 | Lair:3   | Found a staircase to the Shoals.
 17604 | Lair:3   | Found a hole to the Spider Nest.
 17887 | Lair:3   | You fall into a shaft and drop 1 floor!
 17964 | Lair:4   | Reached skill level 18 in Maces & Flails
 19111 | Lair:4   | Found a viscous altar of Jiyva.
 19152 | Lair:5   | Entered Level 5 of the Lair of Beasts
 19337 | Lair:5   | Upgraded the game from 0.32-a0-630-g46d191b0ed to
                  | 0.32-a0-643-ga006e7742e
 19427 | Lair:5   | Slain by an elephant

Illustrated notes

Levels and vault maps discovered:
D:1:      dpeg_arrival_water_altar, layout_basic
D:2:      layout_loops_cross, serial_shops, shop, ebering_ecumenical_altar_mist,
          skrybe_limestone_x, minmay_tetromino_o2
D:3:      layout_loops_ring, nicolae_elyvilon_temple_path, uniq_natasha
D:4:      layout_gridville, general_overflow_altar, fedhas_ov_isle_minmay,
          hangedman_abyss_or_decor_lesser_grid
D:5:      layout_basic, serial_shops, kennysheep_little_box,
          chequers_serial_rivers_room_a, lightli_minifort
D:6:      layout_loops_ring, kiku_gazebo_garden_becter,
          minmay_temple_entry_glass
D:7:      minmay_opposing_rooms, layout_loops_ring, enter_bailey_3,
          uniq_jeremiah, uniq_pikel
D:8:      minmay_klotski, layout_loops_corners, dreamdust_wishing_well,
          roadster_capsule_ark_zombie
D:9:      layout_small_grid, mainiacjoe_overflow_cross_hatched,
          mainiacjoe_overflow_two_lobes
D:10:     layout_cave_pools, nicolae_overflow_hidden_temple, erik_orc_2,
          uniq_josephine
D:11:     nrook_guardian_serpent_snake_passage, layout_rooms,
          grunt_lair_entry_orc_guard_hut, wad_floor_pattern_1, uniq_nergalle
Lair:1:   layout_cave_pods, cheibrodos_lair_lostbears
Lair:2:   layout_gridlike, gauntlet_entry_generic, grunt_megastairs_4,
          infiniplex_staircase_pool
Lair:3:   dreamdust_cave_troll, layout_cave_pods, shoals_dummy_entry,
          spider_nest_entry_web_field, serial_bayou_shore_b
Lair:4:   layout_long_grid, minmay_slime_entry_oklob_enclosed,
          lemuel_fruit_fields
Lair:5:   due_jungle_book, layout_big_grid, portal_ice_cave_entry_pillars_2,
          infiniplex_staircase_pool_2

Skill      XL: |  1  2  3  4  5  6  7  8  9 10 11 12 13 |
---------------+----------------------------------------+-----
Maces & Flails | 4 5 6 7 8 10 12 13 15 17 18 | 18.0
Fighting       | 4 5 6 7 8 9 10 11 13 | 13.0
Armour         | 1 2 3 4 5 7 8 9 10 12 | 12.3
Shields        | 2 4 6 8 9 11 | 11.3
Spellcasting   | |  1.0
Fire Magic     | |  3.6

Action                     |  1- 3 |  4- 6 |  7- 9 | 10-12 | 13-15 || total
---------------------------+-------+-------+-------+-------+-------++-------
  Melee: Mace              |   122 |   164 |    85 |   919 |   383 ||  1673
         Flail             |       |    33 |   263 |    78 |       ||   374
  Throw: Dart              |       |       |     6 |       |       ||     6
   Cast: Scorch            |     5 |    18 |    46 |     5 |     1 ||    75
         Necrotise         |       |       |     2 |       |     1 ||     3
 Invoke: Fiery Armour      |       |       |       |     5 |     2 ||     7
  Evoke: Phantom mirror    |       |       |       |     1 |     1 ||     2
         Wand              |       |       |       |       |     4 ||     4
    Use: Potion            |       |     2 |       |     2 |       ||     4
         Scroll            |       |       |       |    18 |     5 ||    23
 Armour: Robe              |    46 |       |       |       |       ||    46
         Leather armour    |    43 |       |       |       |       ||    43
         Chain mail        |    19 |   203 |    40 |     4 |   269 ||   535
         Plate armour      |       |       |   178 |   666 |       ||   844
  Dodge: Dodged            |    80 |    72 |    60 |   169 |    81 ||   462
  Block: Other             |       |    18 |     9 |       |       ||    27
         Kite shield       |       |       |   190 |   745 |   333 ||  1268
         Reflection        |       |       |    20 |     5 |       ||    25

Table legend: (Time is in decaauts)
 A = Elapsed time spent in this place.
 B = Non-inter-level travel time spent in this place.
 C = Inter-level travel time spent in this place.
 D = Time resting spent in this place.
 E = Time spent auto-exploring this place.
 F = Levels seen in this place.
 G = Mean time per level.
                   A        B        C        D        E       F      G
               +--------+--------+--------+--------+--------+-----+--------+
         Total |  19249 |  18332 |    917 |   1304 |  13118 |  18 | 1069.4 |
       Dungeon |  13265 |  12444 |    821 |    563 |   9246 |  11 | 1205.9 |
          Lair |   4400 |   4304 |     96 |     98 |   3334 |   5 |  880.0 |
        Bailey |    552 |    552 |      0 |    215 |    149 |   1 |  552.0 |
      Gauntlet |   1030 |   1030 |      0 |    428 |    388 |   1 | 1030.0 |
               +--------+--------+--------+--------+--------+-----+--------+

Top non-repeatable levels by time:
     D:5: 1575 daAuts
     D:7: 1561 daAuts
    D:11: 1458 daAuts
     D:6: 1383 daAuts
  Lair:4: 1233 daAuts
     D:8: 1215 daAuts
    D:10: 1202 daAuts
  Lair:1: 1181 daAuts
     D:3: 1101 daAuts
  Lair:2: 1086 daAuts
Gauntlet: 1030 daAuts
     D:9: 967 daAuts
     D:4: 938 daAuts
     D:1: 934 daAuts
     D:2: 927 daAuts
